 Dungeon Crawl Stone Soup version 0.24-a0-307-gf989941 (webtiles) character file.

Game seed: 6028633236697224902

9326 Iscandelvey the Thaumaturge (level 11, -7/76 (77) HPs)
             Began as a Demonspawn Arcane Marksman on May 12, 2019.
             Was a Believer of Kikubaaqudgha.
             Killed from afar by a deep elf mage (20 damage)
             ... with a bolt of lightning
             ... on level 10 of the Dungeon.
             The game lasted 01:53:41 (14411 turns).

Iscandelvey the Thaumaturge (DsAM)                 Turns: 14411, Time: 01:53:41

HP:   -7/76 (77)    AC:  7    Str: 11    XL:     11   Next: 21%
MP:   23/33         EV: 19    Int: 20    God:    Kikubaaqudgha [**....]
Gold: 644           SH:  4    Dex: 13    Spells: 4/29 levels left

rFire    . . .     SeeInvis .   j - +3 rapier "Vuicsuul" {venom, +Rage Int+2 Stlth+}
rCold    . . .     Gourm    .   (no shield)
rNeg     . . .     Faith    .   B - +0 leather armour
rPois    +         Spirit   .   (no helmet)
rElec    .         Reflect  .   J - +0 cloak
rCorr    .         Harm     +   w - +0 pair of gloves
MR       .....                  q - +1 pair of boots
Stlth    ++++++....             n - amulet of harm
HPRegen  0.62/turn              V - +5 ring of evasion
MPRegen  0.23/turn              I - ring of magical power

@: confusing touch
A: talons 2, large bone plates 1, nightstalker 2, poison resistance, powered by
death 3, regeneration 1, robust 1
a: Receive Corpses, Renounce Religion, Evoke Berserk Rage


You were on level 10 of the Dungeon.
You worshipped Kikubaaqudgha.
Kikubaaqudgha was pleased with you.
You were not hungry.

You visited 2 branches of the dungeon, and saw 12 of its levels.

You collected 644 gold pieces.

Inventory:

Hand Weapons
 a - a +0 hand crossbow
 j - the +3 rapier "Vuicsuul" (weapon) {venom, +Rage Int+2 Stlth+}
   (You found it on level 7 of the Dungeon)

   It poisons the flesh of those it strikes.
   It affects your intelligence (+2).
   It lets you go berserk.
   It makes you more stealthy.
 x - a +0 halberd
 z - a +3 dire flail of freezing
 C - a +1 quarterstaff of protection
 O - a +0 war axe of flaming
 R - a +1 dagger of speed
 U - a +2 dagger of chaos
Missiles
 d - 32 bolts
 g - 6 boomerangs (quivered)
 l - 309 arrows
 m - 60 poisoned darts
 M - 15 curare-tipped darts
Armour
 q - a +1 pair of boots (worn)
 w - a +0 pair of gloves (worn)
 B - a +0 leather armour (worn)
 J - a +0 cloak (worn)
Jewellery
 n - an amulet of harm (around neck)
 s - an uncursed ring of wizardry
 E - an uncursed ring of flight
 I - a ring of magical power (right hand)
 V - a +5 ring of evasion (left hand)
Wands
 A - a wand of polymorph (21)
 Q - a wand of paralysis (5)
 S - a wand of acid (23)
 W - a wand of flame (20)
 X - a wand of digging (5)
Scrolls
 b - 6 scrolls of teleportation {unknown}
 k - 3 scrolls of remove curse {unknown}
 o - 4 scrolls of random uselessness {unknown}
 p - 11 scrolls of identify {unknown}
 r - a scroll of blinking {unknown}
 t - 2 scrolls of fear {unknown}
 u - 2 scrolls of noise {unknown}
 y - 2 scrolls of immolation {unknown}
 D - 2 scrolls of enchant armour {unknown}
 F - 2 scrolls of amnesia {unknown}
 P - 2 scrolls of fog {unknown}
Potions
 c - a potion of brilliance
 h - a potion of lignification {unknown}
 i - 2 potions of berserk rage {unknown}
 v - a potion of degeneration
 G - a potion of heal wounds
 H - 6 potions of curing {unknown}
 K - a potion of might {unknown}
 L - a potion of flight {unknown}
 N - a potion of ambrosia {unknown}
 Y - a potion of resistance {unknown}
Miscellaneous
 e - a phial of floods
Comestibles
 f - 11 rations
 T - 4 chunks of flesh


   Skills:
 - Level 1.0 Fighting
 - Level 5.1 Crossbows
 + Level 1.4 Armour
 - Level 6.0 Dodging
 * Level 6.6 Stealth
 * Level 9.6 Spellcasting
 - Level 6.8 Hexes
 * Level 7.2 Necromancy


You had 4 spell levels left.
You knew the following spells:

 Your Spells              Type           Power        Failure   Level  Hunger
a - Corona                Hex            #####..      1%          1    None
b - Slow                  Hex            #####...     1%          2    None
c - Cause Fear            Hex            #####.....   5%          4    ##.....
d - Confusing Touch       Hex            #####.       1%          1    None
e - Vampiric Draining     Necr           #####.....   1%          3    None
f - Sublimation of Blood  Necr           #####.....   1%          2    None
g - Leda's Liquefaction   Hex/Erth       ###.......   22%         4    ##.....
h - Ensorcelled Hibernat  Hex/Ice        ###...       3%          2    None
i - Confuse               Hex            #####...     1%          3    None
j - Tukima's Dance        Hex            #####...     1%          3    None

Your spell library contained the following spells:

 Spells                   Type           Power        Failure   Level  Hunger
 Animate Skeleton         Necr           N/A          1%          1    None
 Pain                     Necr           ####         1%          1    None
 Corpse Rot               Necr           N/A          1%          2    None
 Dazzling Spray           Conj/Hex       ###...       7%          3    None
 Inner Flame              Hex/Fire       ###.....     7%          3    None
 Portal Projectile        Hex/Tloc       ###...       7%          3    None
 Apportation              Tloc           #.....       10%         1    None
 Summon Small Mammal      Summ           #...         10%         1    None


Dungeon Overview and Level Annotations

Branches:
Dungeon (11/15)            Temple (1/1) D:7
   Lair: D:8-11         Orc: D:9-12

Altars:
Dithmenos
Gozag
Hepliaklqana
Kikubaaqudgha
Okawaru
Qazlal
Sif Muna
Trog
Uskayaw
Vehumet
Wu Jian
Xom
Zin
The Shining One

Annotations:
D:9 exclusions: obsidian statue and orange crystal statue
D:10 Fannar
D:11 Erica


Innate Abilities, Weirdness & Mutations

You have razor-sharp toenails.
You are partially covered in large bone plates. (SH +4)
You are significantly more attuned to the shadows.
You regenerate a lot of health from kills.
Your system is resistant to poisons. (rPois)
Your natural rate of healing is unusually fast.
You are robust. (+10% HP)


Message History

The deep elf mage hits you but does no damage.
Casting: Confusing Touch (safe; 1% risk of failure)
Confirm with . or Enter, or press ? or * to list all spells.
Your hands begin to glow red.
The orc wizard gestures wildly while chanting.
The orc wizard flickers and vanishes!
Deactivating autopickup; reactivate with Ctrl-A.
The deep elf mage hits you with a +0 long sword.
You hit the deep elf mage but do no damage.
The deep elf mage points at you and mumbles some strange words.
The bolt of lightning hits you!!
You hit the deep elf mage but do no damage.
The deep elf mage points at you and mumbles some strange words.
The bolt of lightning hits you!!
* * * LOW HITPOINT WARNING * * *
Something closely misses you. The deep elf mage casts a spell at you.
The bolt of lightning hits you!
You die...
Kikubaaqudgha rasps: "You have failed me!
Welcome... death!"

##...## ##.....##
##........
######.........
#...............
#.######.......# ##.#
##.....#.# #..###
#......>.# ##..@.#
#........#
#.{e#.###.....)..####
#...#................
......#.#.##.....##.....
.e
......#.#.....#####..###
.
#....##.##...##.......#
..... ..#... .....##)##
....# #.##.. ..##......
....# #####..


You could see a deep elf mage.

Vanquished Creatures
  An unseen horror (D:11)
  Pikel (D:8)
  Psyche (D:8)
  A gargoyle (D:9)
  A troll (D:9)
  2 hippogriffs
  5 yaks
  Grum (D:8)
  A warg (D:9)
  A water moccasin (D:3)
  A hornet zombie (D:7)
  4 ice beasts
  3 orc warriors
  A sky beast (D:9)
  2 black bears
  5 phantoms
  3 wolves
  A necrophage (D:9)
  11 ogres
  5 centaurs
  2 crocodiles (D:9)
  4 bullfrogs
  A wyvern skeleton (D:9)
  4 scorpions
  5 killer bees (D:10)
  A water moccasin skeleton (D:10)
  3 wights
  2 howler monkeys (D:3)
  3 crimson imps
  2 bullfrog zombies
  A quasit (D:9)
  7 hounds
  2 jellies (D:5)
  2 orc priests
  2 orc wizards
  2 bullfrog skeletons
  Jessica (D:3)
  5 iguanas
  11 worker ants
  A bullfrog simulacrum (D:10)
  A hound zombie (D:6)
  3 worker ant zombies
  6 gnolls
  11 adders
  2 shadow imps
  2 oozes
  2 adder skeletons
  2 worms (D:2)
  3 dart slugs (D:1)
  4 leopard geckos
  28 orcs
  14 bats
  4 giant cockroaches
  6 goblins
  10 hobgoblins
  A jackal (D:4)
  7 kobolds
  5 quokkas
  A ball python (D:3)
  5 frilled lizards
  A jackal skeleton (D:4)
  A leopard gecko zombie (D:5)
  3 quokka skeletons
  2 quokka zombies
  8 rats
244 creatures vanquished.

Vanquished Creatures (others)
  A two-headed ogre (D:8)
1 creature vanquished.

Grand Total: 245 creatures vanquished

Notes
Turn   | Place    | Note
-------+----------+-------------------------------------------
     0 | D:1      | Iscandelvey the Demonspawn Arcane Marksman began the quest
                  | for the Orb.
     0 | D:1      | Reached XP level 1. HP: 15/15 MP: 2/2
    79 | D:1      | Gained mutation: You are slightly more attuned to the
                  | shadows. [demonic ancestry]
    79 | D:1      | Reached XP level 2. HP: 21/21 MP: 3/3
   372 | D:1      | Gained mutation: You regenerate a little health from kills.
                  | [demonic ancestry]
   372 | D:1      | Reached XP level 3. HP: 26/26 MP: 4/4
   568 | D:1      | Learned a level 2 spell: Slow
  1655 | D:2      | Gained mutation: You regenerate health from kills. [demonic
                  | ancestry]
  1655 | D:2      | Reached XP level 4. HP: 32/32 MP: 6/6
  2715 | D:3      | Found a shimmering altar of Xom.
  2715 | D:3      | Noticed an angel
  2718 | D:3      | Found a glowing silver altar of Zin.
  2782 | D:3      | Noticed Jessica
  3059 | D:3      | Killed Jessica
  3059 | D:3      | Reached skill level 2 in Spellcasting
  3196 | D:3      | Found a bloodstained altar of Trog.
  3532 | D:3      | Gained mutation: You are significantly more attuned to the
                  | shadows. [demonic ancestry]
  3532 | D:3      | Reached XP level 5. HP: 37/37 MP: 8/8
  3592 | D:3      | Learned a level 4 spell: Cause Fear
  4269 | D:4      | Noticed a water moccasin
  4791 | D:2      | Reached XP level 6. HP: 32/43 MP: 8/10
  5138 | D:3      | Reached skill level 3 in Spellcasting
  5422 | D:2      | HP: 1/43 [ogre/+0 giant club (16)]
  5785 | D:3      | Killed a water moccasin
  5812 | D:3      | HP: 2/43 [poisoned by a water moccasin]
  5820 | D:3      | HP: 1/43 [poisoned by a water moccasin]
  5823 | D:3      | Gained mutation: You are robust. (+10% HP) [potion of
                  | mutation]
  5823 | D:3      | Gained mutation: You have sharp toenails. [potion of
                  | mutation]
  5823 | D:3      | Gained mutation: Your system is resistant to poisons.
                  | (rPois) [potion of mutation]
  5823 | D:3      | Gained mutation: Your natural rate of healing is unusually
                  | fast. [potion of mutation]
  6092 | D:4      | Reached XP level 7. HP: 50/52 MP: 1/12
  6218 | D:4      | Found a shadowy altar of Dithmenos.
  6497 | D:4      | Reached skill level 4 in Spellcasting
  6738 | D:4      | Reached skill level 5 in Hexes
  6816 | D:4      | Reached skill level 5 in Crossbows
  7078 | D:5      | Entered Level 5 of the Dungeon
  7235 | D:5      | Mutation became permanent: You have sharp toenails.
                  | [demonic ancestry]
  7235 | D:5      | Gained mutation: You have sharp toenails. [demonic
                  | ancestry]
  7235 | D:5      | Reached XP level 8. HP: 59/59 MP: 13/15
  7523 | D:5      | Reached skill level 5 in Spellcasting
  8291 | D:6      | Learned a level 1 spell: Confusing Touch
  8551 | D:6      | Reached skill level 6 in Spellcasting
  9254 | D:7      | Found an ornate altar of the Wu Jian Council.
  9389 | D:7      | Found a staircase to the Ecumenical Temple.
  9415 | Temple   | Entered the Ecumenical Temple
  9431 | Temple   | Became a worshipper of Kikubaaqudgha
  9487 | D:7      | Gained mutation: You are partially covered in large bone
                  | plates. (SH +4) [demonic ancestry]
  9487 | D:7      | Reached XP level 9. HP: 64/64 MP: 18/18
  9577 | D:7      | Reached skill level 5 in Dodging
  9797 | D:6      | Reached skill level 7 in Spellcasting
  9953 | D:7      | Reached * piety under Kikubaaqudgha
  9953 | D:7      | Identified Kikubaaqudgha's Incunabulum of Black Magic
                  | (Kikubaaqudgha gifted it to you on level 7 of the Dungeon)
  9953 | D:7      | Received a gift from Kikubaaqudgha
  9961 | D:7      | Learned a level 3 spell: Vampiric Draining
  9964 | D:7      | Learned a level 2 spell: Sublimation of Blood
 10016 | D:7      | Got a fine rapier
 10017 | D:7      | Identified the +3 rapier "Vuicsuul" {venom, +Rage Int+2
                  | Stlth+} (You found it on level 7 of the Dungeon)
 10464 | D:8      | Reached skill level 1 in Necromancy
 10474 | D:8      | Noticed Grum
 10503 | D:8      | Reached skill level 1 in Stealth
 10645 | D:8      | Found an opulent altar of Gozag.
 10650 | D:8      | Found a deep blue altar of Sif Muna.
 10655 | D:8      | Found a radiant altar of Vehumet.
 10832 | D:8      | Found a glowing golden altar of the Shining One.
 10991 | D:8      | Noticed Psyche
 11012 | D:8      | Killed Psyche
 11012 | D:8      | Reached skill level 8 in Spellcasting
 11057 | D:7      | Gained mutation: You regenerate a lot of health from kills.
                  | [demonic ancestry]
 11057 | D:7      | Reached XP level 10. HP: 31/71 MP: 22/22
 11256 | D:8      | Killed Grum
 11343 | D:8      | Noticed Pikel
 11420 | D:8      | Killed Pikel
 11639 | D:9      | Noticed a two-headed ogre
 11661 | D:9      | Noticed a gargoyle
 12222 | D:8      | Reached skill level 5 in Necromancy
 12357 | D:9      | Noticed an orange crystal statue
 12474 | D:9      | Killed a gargoyle
 12474 | D:9      | Reached skill level 5 in Stealth
 12545 | D:8      | Killed a two-headed ogre
 12545 | D:8      | Reached skill level 9 in Spellcasting
 12630 | D:9      | Found a hazy altar of Hepliaklqana.
 12757 | D:9      | Reached ** piety under Kikubaaqudgha
 13005 | D:9      | Noticed an obsidian statue
 13165 | D:10     | Entered Level 10 of the Dungeon
 13173 | D:10     | Noticed Fannar
 13407 | D:10     | Gained mutation: You have razor-sharp toenails. [demonic
                  | ancestry]
 13407 | D:10     | Reached XP level 11. HP: 76/76 MP: 24/24
 13713 | D:10     | Reached skill level 1 in Armour
 13827 | D:10     | Noticed a death knight
 13838 | D:10     | Noticed a deep elf mage
 13884 | D:10     | Learned a level 4 spell: Leda's Liquefaction
 14063 | D:11     | Noticed an unseen horror
 14092 | D:11     | Killed an unseen horror
 14169 | D:11     | Learned a level 2 spell: Ensorcelled Hibernation
 14173 | D:11     | Learned a level 3 spell: Confuse
 14177 | D:11     | Learned a level 3 spell: Tukima's Dance
 14204 | D:11     | Noticed Erica
 14411 | D:10     | Killed from afar by a deep elf mage

Levels and vault maps discovered:
D:1:      dpeg_arrival_arbitrary_c, layout_loops_cross
D:2:      layout_rooms
D:3:      layout_basic, grunt_temple_overflow_order_and_chaos_1,
          marbit_many_paths, first_ration, minmay_joined_circles, uniq_jessica
D:4:      minmay_chambers_of_threes, layout_loops_ring, grunt_dithmenos_smoke
D:5:      layout_loops_corners
D:6:      nicolae_whirlpool, layout_basic
D:7:      layout_basic, kennysheep_mini_moat, minmay_temple_entry_hall
D:8:      layout_rooms, nicolae_tso_swordbearing_angel,
          minmay_overflow_temple_star_quad, grunt_livestock, uniq_grum,
          uniq_pikel, uniq_psyche
D:9:      minmay_separated_statues, layout_cave_pools, lemuel_crystal_altar,
          hangedman_abyss_or_decor_lesser_grid
D:10:     minmay_the_grid_four_pointed_star
          [minmay_the_grid_triangle_9x9_swiss_cheese,
          minmay_the_grid_triangle_9x9_from_above,
          minmay_the_grid_triangle_9x9_zippers_horizontal,
          minmay_the_grid_triangle_9x9_sprig,
          minmay_the_grid_prize_four_corners_diamond_a], layout_rooms,
          erik_lair_orcish_takeover, kennysheep_donut, uniq_urug, uniq_fannar
D:11:     layout_stronghold, uniq_erica, uniq_nergalle
Temple:   nicolae_temple_hex_pool

Skill      XL: |  1  2  3  4  5  6  7  8  9 10 11 |
---------------+----------------------------------+-----
Crossbows      | 2 3 4 5 |  5.1
Dodging        | 2 3 4 5 6 |  6.0
Hexes          | 4 5 6 |  6.8
Spellcasting   | 2 3 4 6 8 9 |  9.6
Necromancy     | 3 6 7 |  7.2
Stealth        | 3 6 |  6.6
Armour         | 1 |  1.4
Fighting       | |  1.0

Action                   |  1- 3 |  4- 6 |  7- 9 | 10-12 || total
-------------------------+-------+-------+-------+-------++-------
Melee: Short sword       |    36 |       |       |       ||    36
       Whip              |     4 |    74 |       |       ||    78
       Halberd           |       |    59 |       |       ||    59
       Dire flail        |       |    28 |   270 |       ||   298
       Rapier            |       |       |   116 |   385 ||   501
       War axe           |       |       |     9 |       ||     9
 Fire: Hand crossbow     |    59 |    25 |    18 |       ||   102
Throw: Boomerang         |    11 |    94 |    24 |    33 ||   162
       Dart              |       |       |    13 |    12 ||    25
 Cast: Slow              |     5 |    74 |    36 |    38 ||   153
       Corona            |     5 |    36 |    32 |    35 ||   108
       Cause Fear        |       |     1 |     2 |       ||     3
       Confusing Touch   |       |       |     8 |    35 ||    43
       Confuse           |       |       |       |     4 ||     4
  Use: Potion            |       |     5 |       |       ||     5
 Stab: Sleeping          |     1 |       |    20 |     7 ||    28
       Confused          |       |       |     8 |    22 ||    30
  Eat: Chunk             |     2 |    12 |    16 |    12 ||    42
       Ration            |       |     3 |       |       ||     3
Armor: Robe              |    18 |    31 |       |       ||    49
       Leather armour    |       |    21 |    93 |    99 ||   213
Dodge: Dodged            |    51 |   143 |   252 |   288 ||   734
Block: Other             |       |       |    27 |    61 ||    88

Table legend:
 A = Non-vault XP
 B = Vault XP
 C = Vault XP percentage of total XP
 D = Non-vault monster count
 E = Vault monster count
 F = Vault count percentage of total count
                 A         B        C        D         E       F
            +---------+---------+-------+---------+---------+-------
      Total |   10595 |    2728 |  20.5 |     210 |      35 |  14.3
            +---------+---------+-------+---------+---------+-------
        D:1 |      60 |       0 |   0.0 |      24 |       0 |   0.0
        D:2 |     127 |       3 |   2.3 |      28 |       1 |   3.4
        D:3 |     419 |      94 |  18.3 |      14 |      11 |  44.0
        D:4 |     322 |     286 |  47.0 |       6 |       9 |  60.0
        D:5 |     586 |       0 |   0.0 |      25 |       0 |   0.0
        D:6 |     539 |       0 |   0.0 |      16 |       0 |   0.0
        D:7 |    1035 |     115 |  10.0 |      28 |       1 |   3.4
        D:8 |    3303 |    1464 |  30.7 |      25 |       5 |  16.7
        D:9 |    1819 |     210 |  10.3 |      22 |       3 |  12.0
       D:10 |    1222 |     556 |  31.3 |      17 |       5 |  22.7
       D:11 |    1163 |       0 |   0.0 |       5 |       0 |   0.0
            +---------+---------+-------+---------+---------+-------
